Map: Cyber Forest LE

Players

Bundo - Winner!

  • Race: Terran Terran
  • League: Diamond
  • Spawn Location: 5:00

Osiris

  • Race: Terran Terran
  • League: Diamond
  • Spawn Location: 11:00

VOD

Have the link to the VOD?

Description

Time

  • Played on: Jan. 21, 2019, 1:51 p.m.
  • Length: 4:05
Show
View Real Time Build Order
Export as new Build Order

Bundo Terran - Winner!

Build Orders:  

Get SALT Encoding   

  12  0:00  SCV  
  13  0:12  SCV  
  14  0:18  Supply Depot  
  14  0:25  SCV  
  15  0:28  Refinery  
  15  0:39  SCV  
  16  0:46  Barracks  
  16  0:51  SCV  
  17  0:59  Refinery  
  17  1:04  SCV  
  18  1:16  SCV  
  19  1:34  Orbital Command, Reaper  
  20  1:45  Factory  
  20  2:00  SCV  
  21  2:13  Reaper  
  22  2:18  SCV  
  22  2:19  Supply Depot  
  23  2:27  Command Center  
  23  2:41  Hellion  
  25  2:45  SCV  
  25  2:46  Starport  
  25  2:48  Reaper  
  27  2:57  SCV  
  28  3:02  Supply Depot  
  28  3:03  Hellion  
  30  3:09  SCV  
  31  3:32  SCV  
  35  3:41  Barracks Reactor  
  35  3:50  Factory Tech Lab  
  35  3:53  SCV  
Show
View Real Time Build Order
Export as new Build Order

Osiris Terran 

Build Orders: Gas First Reaper Expand 

Get SALT Encoding   

  12  0:01  SCV  
  13  0:13  SCV  
  14  0:18  Supply Depot  
  14  0:25  SCV  
  15  0:35  Refinery  
  15  0:40  SCV  
  16  0:45  Barracks  
  16  0:52  SCV  
  17  1:04  SCV  
  18  1:16  SCV  
  19  1:32  Orbital Command  
  19  1:34  Reaper  
  20  1:48  Command Center  
  20  1:59  Factory  
  20  2:02  SCV  
  21  2:13  Reaper  
  21  2:16  SCV  
  21  2:17  Refinery  
  22  2:28  SCV  
  23  2:48  Supply Depot, Barracks Tech Lab  
  23  2:59  Orbital Command, SCV  
  23  3:00  Hellion  
  23  3:05  Starport  
  26  3:11  SCV  
  29  3:21  Marine  
  29  3:23  SCV  
  28  3:40  Marine  
  29  3:42  Factory Tech Lab  
  29  3:45  SCV x2  
  33  4:00  Barracks  
Tags
 
Add a new tag
Caveats
  • Supply blocks, unpowered buildings, or Contaminate may cause inaccurate times.
  • Supply counts are checked every 10 seconds.